 Dungeon Crawl Stone Soup version 0.23-a0-171-g5ae17c6 (webtiles) character file.

218 pmoppi the Magician (level 5, -2/35 HPs)
             Began as a Mummy Fire Elementalist on Sept 14, 2018.
             Killed from afar by Sigmund (16 damage)
             ... with a puff of flame
             ... on level 4 of the Dungeon.
             The game lasted 00:08:51 (4616 turns).

pmoppi the Magician (Mummy Fire Elementalist)       Turns: 4616, Time: 00:08:52

Health: -2/35      AC:  5    Str: 12    XL:     5   Next: 63%
Magic:  11/11      EV: 11    Int: 15    God:
Gold:   165        SH:  0    Dex: 12    Spells: 6/12 levels left

rFire    x . .     SeeInvis .   a - +0 trident
rCold    + . .     Gourm    .   (no shield)
rNeg     + + +     Faith    .   g - +0 leather armour
rPois    ∞         Spirit   .   (no helmet)
rElec    .         Reflect  .   (no cloak)
rCorr    .         Harm     .   (no gloves)
MR       .....                  f - +1 pair of boots
Stlth    +.........             (no amulet)
HPRegen  0.11/turn              (no ring)
MPRegen  0.12/turn              (no ring)

@: no status effects
A: no food or potions, fire vulnerability, cold resistance 1, negative energy
resistance 3, torment resistance, unbreathing
a: no special abilities


You were on level 4 of the Dungeon.
You were not hungry.

You visited 1 branch of the dungeon, and saw 4 of its levels.

You collected 165 gold pieces.

Inventory:

Hand Weapons
 a - a +0 trident (weapon)
 b - a +1 dagger of speed
Armour
 c - a +0 ring mail
 e - a +0 robe
 f - a +1 pair of boots (worn)
 g - a +0 leather armour (worn)
Jewellery
 h - a +4 ring of strength {unknown}
Scrolls
 d - a scroll of identify {unknown}
 i - a scroll of noise {unknown}
 j - a scroll of enchant weapon {unknown}
 k - a scroll of amnesia {unknown}
 l - a scroll of magic mapping {unknown}


   Skills:
 - Level 1.5 Dodging
 - Level 1.5 Stealth
 + Level 4.0 Spellcasting
 * Level 2.9 Conjurations
 * Level 3.8 Fire Magic


You had 6 spell levels left.
You knew the following spells:

 Your Spells              Type           Power        Failure   Level  Hunger
a - Flame Tongue          Conj/Fire      ##...        6%          1    N/A
b - Throw Flame           Conj/Fire      ##....       9%          2    N/A
c - Conjure Flame         Conj/Fire      ##......     17%         3    N/A

Your spell library contained the following spells:

 Spells                   Type           Power        Failure   Level  Hunger
 Animate Skeleton         Necr           N/A          22%         1    N/A
 Apportation              Tloc           #.....       22%         1    N/A
 Confusing Touch          Hex            #.....       22%         1    N/A
 Summon Small Mammal      Summ           #...         22%         1    N/A
 Inner Flame              Hex/Fire       #.......     30%         3    N/A
 Sticky Flame             Conj/Fire      ##......     50%         4    N/A
 Fireball                 Conj/Fire      ##........   85%         5    N/A

Dungeon Overview and Level Annotations

Branches:
Dungeon (4/15)
 Temple: D:4-7

Altars:
Okawaru
Trog
Yredelemnul

Annotations:
D:3 exclusion: downstairs
D:4 Sigmund


Innate Abilities, Weirdness & Mutations

You do not eat or drink.
Your flesh is vulnerable to fire.
You are immune to poison.
Your flesh is cold resistant. (rC+)
You are immune to negative energy. (rN+++)
You are immune to unholy pain and torment.
You can survive without breathing.


Message History

You start resting.
Magic restored.
You start resting.
HP restored.
You see here a murky grey potion.
There is a stone staircase leading down here.
You climb downwards.
There is a stone staircase leading up here.
Found a stone staircase leading down.
A worm and Sigmund come into view.
Sigmund shouts!
An iguana comes into view.
The iguana hisses angrily.
You hear an angry hiss.
An adder comes into view.
Sigmund hits you from afar with a scythe!
The iguana bites you! The iguana closely misses you.
Sigmund points at you and mumbles some strange words.
The puff of flame hits you! The fire burns you terribly!
You die...

#.# ## ## #.# ##.
.. #.# #.. .# #.#
# ###.. .# #.#
.#.#....#.#.#.#
.....>.#S...#.#
#......l####.#
###.#....@....#
...........####
#.#.###.##@#####
#.....##.....#
#.##..##.###.#
####............#
...........######
#######.####
#....##.#


You could see Sigmund, an iguana and an adder.

Vanquished Creatures
  An eye of draining (D:3)
  5 adders
  3 worms
  A dart slug (D:3)
  3 leopard geckos
  An orc (D:3)
  5 bats
  3 giant cockroaches
  10 goblins
  9 hobgoblins
  3 jackals (D:2)
  10 kobolds
  7 frilled lizards
  14 rats
75 creatures vanquished.

Notes
Turn   | Place    | Note
-------+----------+-------------------------------------------
     0 | D:1      | pmoppi the Mummy Fire Elementalist began the quest for the
                  | Orb.
     0 | D:1      | Reached XP level 1. HP: 13/13 MP: 4/4
   355 | D:1      | Reached skill level 1 in Conjurations
   466 | D:1      | Reached XP level 2. HP: 19/19 MP: 3/5
   470 | D:1      | Learned a level 2 spell: Throw Flame
   708 | D:1      | Reached skill level 3 in Spellcasting
  1397 | D:1      | Reached XP level 3. HP: 24/24 MP: 4/7
  1672 | D:2      | Learned a level 3 spell: Conjure Flame
  2315 | D:2      | Found an iron altar of Okawaru.
  2408 | D:2      | Reached XP level 4. HP: 28/30 MP: 1/9
  2713 | D:2      | Found a basalt altar of Yredelemnul.
  4283 | D:3      | Found a bloodstained altar of Trog.
  4283 | D:3      | Noticed an eye of draining
  4297 | D:3      | Killed an eye of draining
  4297 | D:3      | Reached skill level 4 in Spellcasting
  4297 | D:3      | Reached XP level 5. HP: 35/35 MP: 7/11
  4361 | D:4      | Noticed an ogre
  4595 | D:4      | Noticed Sigmund
  4616 | D:4      | Killed from afar by Sigmund

Vault maps used:
D:1:      co_arrival_two_rings, roderic_roman_lattice
D:2:      yredelemnul_altar_generic, okawaru_metal_pillars_3
D:3:      trog_eyes_of_draining
D:4:      uniq_sigmund

Skill      XL: |  1  2  3  4 |
---------------+-------------+-----
Conjurations   | 1 2 |  2.9
Spellcasting   | 3 4 |  4.0
Fire Magic     | 3 |  3.8
Dodging        | |  1.5
Stealth        | |  1.5

Action                   |  1- 3 |  4- 6 || total
-------------------------+-------+-------++-------
Melee: Unarmed           |     7 |       ||     7
       Spear             |    23 |    16 ||    39
       Trident           |       |    22 ||    22
 Cast: Flame Tongue      |    54 |    56 ||   110
       Throw Flame       |     3 |       ||     3
       Conjure Flame     |     1 |     2 ||     3
Armor: Robe              |     3 |       ||     3
       Ring mail         |     7 |     6 ||    13
       Leather armour    |       |     4 ||     4
Dodge: Dodged            |    24 |    35 ||    59

Table legend:
 A = Non-vault XP
 B = Vault XP
 C = Vault XP percentage of total XP
 D = Non-vault monster count
 E = Vault monster count
 F = Vault count percentage of total count
                 A         B        C        D         E       F
            +---------+---------+-------+---------+---------+-------
      Total |     183 |     129 |  41.3 |      72 |       3 |   4.0
            +---------+---------+-------+---------+---------+-------
        D:1 |      41 |       0 |   0.0 |      27 |       0 |   0.0
        D:2 |      87 |       0 |   0.0 |      23 |       0 |   0.0
        D:3 |      55 |     129 |  70.1 |      22 |       3 |  12.0
            +---------+---------+-------+---------+---------+-------
